 Dungeon Crawl Stone Soup version 0.26-a0-651-gb41185065b (webtiles) character file.

Game seed: 13362987055738891332

72 flotson the Fighter (level 4, -6/48 HPs)
             Began as a Gnoll Wanderer on Sept 29, 2020.
             Mangled by Crazy Yiuf
             ... wielding a +3 quarterstaff of chaos
              (8 damage)
             ... on level 2 of the Dungeon.
             The game lasted 00:02:34 (1306 turns).

flotson the Fighter (Gnoll Wanderer)                Turns: 1306, Time: 00:02:34

Health: -6/48      AC:  6    Str: 15    XL:     4   Next: 25%
Magic:  4/5        EV: 10    Int: 14    God:
Gold:   29         SH:  0    Dex: 15    Spells: 5/5 levels left

rFire    . . .     SeeInvis .   a - +2 short sword
rCold    . . .     Faith    .   (no shield)
rNeg     . . .     Spirit   .   j - +0 ring mail
rPois    .         Reflect  .   l - +0 helmet
rElec    .         Harm     .   (no cloak)
rCorr    .         Rampage  .   (no gloves)
MR       .....                  (no boots)
Stlth    +.........             (no amulet)
HPRegen  0.16/turn              (no ring)
MPRegen  0.09/turn              (no ring)

@: lightly drained
A: distributed training, fangs 1, strong nose
a: no special abilities


You were on level 2 of the Dungeon.
You visited 1 branch of the dungeon, and saw 2 of its levels.

You collected 29 gold pieces.

Inventory:

Hand Weapons
 a - a +2 short sword (weapon)
Missiles
 g - 9 poisoned darts (quivered)
Armour
 j - a +0 ring mail (worn)
 l - a +0 helmet (worn)
Scrolls
 b - 2 scrolls of teleportation
 e - a scroll of immolation {unknown}
 f - a scroll of enchant weapon {unknown}
 h - a scroll of blinking {unknown}
 k - a scroll of fear {unknown}
Potions
 c - a potion of curing
 d - a potion of stabbing {unknown}
 i - 2 potions of degeneration {unknown}
 m - a potion of flight {unknown}


   Skills:
 + Level 10.4(10.0) Fighting
 + Level 4.6(4.3) Short Blades
 + Level 1.1(0.8) Long Blades
 + Level 1.1(0.8) Axes
 + Level 1.1(0.8) Maces & Flails
 + Level 1.1(0.8) Polearms
 + Level 1.1(0.8) Staves
 + Level 1.1(0.8) Slings
 + Level 1.1(0.8) Bows
 + Level 1.1(0.8) Crossbows
 + Level 2.7(2.4) Throwing
 + Level 1.1(0.8) Armour
 + Level 1.1(0.8) Dodging
 + Level 2.5(2.2) Stealth
 + Level 1.1(0.8) Shields
 + Level 1.1(0.8) Unarmed Combat
 + Level 1.1(0.8) Spellcasting
 + Level 0.8(0.6) Conjurations
 + Level 0.8(0.6) Hexes
 + Level 0.8(0.6) Summonings
 + Level 0.8(0.6) Necromancy
 + Level 0.8(0.6) Translocations
 + Level 0.8(0.6) Transmutations
 + Level 0.8(0.6) Fire Magic
 + Level 0.8(0.6) Ice Magic
 + Level 0.8(0.6) Air Magic
 + Level 0.8(0.6) Earth Magic
 + Level 0.8(0.6) Poison Magic
 + Level 1.2(0.9) Invocations
 + Level 2.7(2.4) Evocations


You had 5 spell levels left.
You didn't know any spells.
Your spell library was empty.

Dungeon Overview and Level Annotations

Branches:
Dungeon (2/15)

Altars:

Annotations:
D:2 Crazy Yiuf, Sigmund


Innate Abilities, Weirdness & Mutations

Your experience applies equally to all skills.
You have very sharp teeth.
Your uncanny sense of smell can sniff out nearby items.


Message History

You aren't carrying any items that you can evoke.
Unknown command.
Throwing (i - inventory)
g - 11 poisoned darts (quivered)
Press: ? - help, Shift-Dir - straight line, f/p - Crazy Yiuf
Aim: Crazy Yiuf, wielding a +3 quarterstaff of chaos and wearing a +0 cloak (heavily wounded)
You throw a poisoned dart.
The poisoned dart barely misses Crazy Yiuf.
Crazy Yiuf hits you with a +3 quarterstaff of chaos!
* * * LOW HITPOINT WARNING * * *
You feel sick.
Throwing (i - inventory)
g - 10 poisoned darts (quivered)
Press: ? - help, Shift-Dir - straight line, f/p - Crazy Yiuf
Aim: Crazy Yiuf, wielding a +3 quarterstaff of chaos and wearing a +0 cloak (heavily wounded)
You throw a poisoned dart. The poisoned dart hits Crazy Yiuf.
Crazy Yiuf is poisoned.
Crazy Yiuf is heavily wounded.
You feel sick.
You are no longer poisoned.
Crazy Yiuf hits you with a +3 quarterstaff of chaos!
You die...

#.######...###....####..#
#.# ####...##.....# #..#
#.# #.(...####....####..#
#.# #.##.## ##.#.......#
#.###.##.# #.#######.#
#........# #.# ..
#####.#### ##'## # .. #.#
##...##.# ..# #.#
##..@..#.# ##.##
##...g....#
#####...####.........###
...........†............
#####...####....(....###
# #..## ##.....#### #
###.## ##....# # #...#
##...##♣♣♣♣♣ # #.###
##'#....♣(♣♣♣ ###


You could see Crazy Yiuf (poisoned).

Vanquished Creatures
  Robin (D:2)
  An adder (D:2)
  A dart slug (D:1)
  3 leopard geckos
  2 giant cockroaches (D:1)
  11 goblins
  8 hobgoblins
  2 jackals (D:2)
  3 kobolds
  2 quokkas (D:2)
  4 bats
  A frilled lizard (D:1)
  3 rats
42 creatures vanquished.

Notes
Turn   | Place    | Note
-------+----------+-------------------------------------------
     0 | D:1      | Reached skill level 10 in Fighting
     0 | D:1      | flotson the Gnoll Wanderer began the quest for the Orb.
     0 | D:1      | flotson set off with the following items: a +2 short sword,
                  | a scroll of teleportation, a potion of curing, a +0 robe
     0 | D:1      | Reached XP level 1. HP: 28/28 MP: 1/1
   131 | D:1      | Reached XP level 2. HP: 22/36 MP: 2/2
   804 | D:1      | Reached XP level 3. HP: 42/42 MP: 3/3
   956 | D:2      | Reached skill level 1 in Invocations
  1021 | D:2      | Noticed Sigmund
  1167 | D:2      | Noticed Robin
  1180 | D:2      | Killed Robin
  1180 | D:2      | Reached skill level 1 in Long Blades
  1180 | D:2      | Reached skill level 1 in Axes
  1180 | D:2      | Reached skill level 1 in Maces & Flails
  1180 | D:2      | Reached skill level 1 in Polearms
  1180 | D:2      | Reached skill level 1 in Staves
  1180 | D:2      | Reached skill level 1 in Slings
  1180 | D:2      | Reached skill level 1 in Bows
  1180 | D:2      | Reached skill level 1 in Crossbows
  1180 | D:2      | Reached skill level 1 in Armour
  1180 | D:2      | Reached skill level 1 in Dodging
  1180 | D:2      | Reached skill level 1 in Shields
  1180 | D:2      | Reached skill level 1 in Unarmed Combat
  1180 | D:2      | Reached skill level 1 in Spellcasting
  1180 | D:2      | Reached XP level 4. HP: 48/48 MP: 5/5
  1277 | D:2      | Found a runed translucent door.
  1278 | D:2      | Noticed Crazy Yiuf
  1300 | D:2      | HP: 2/48 [poisoned by Crazy Yiuf]
  1306 | D:2      | Mangled by Crazy Yiuf

Illustrated notes

Levels and vault maps discovered:
D:1:      dpeg_arrival_tiny_h, layout_basic
D:2:      layout_loops_corners, uniq_sigmund, uniq_robin,
          uniq_crazy_yiuf_cottage

Skill      XL: |  1  2  3 |
---------------+----------+-----
Fighting       | | 10.4
Invocations    | 1 |  1.2
Long Blades    | 1 |  1.1
Axes           | 1 |  1.1
Maces & Flails | 1 |  1.1
Polearms       | 1 |  1.1
Staves         | 1 |  1.1
Slings         | 1 |  1.1
Bows           | 1 |  1.1
Crossbows      | 1 |  1.1
Armour         | 1 |  1.1
Dodging        | 1 |  1.1
Shields        | 1 |  1.1
Unarmed Combat | 1 |  1.1
Spellcasting   | 1 |  1.1
Short Blades   | |  4.6
Throwing       | |  2.7
Stealth        | |  2.5
Conjurations   | |  0.8
Hexes          | |  0.8
Summonings     | |  0.8
Necromancy     | |  0.8
Translocations | |  0.8
Transmutations | |  0.8
Fire Magic     | |  0.8
Ice Magic      | |  0.8
Air Magic      | |  0.8
Earth Magic    | |  0.8
Poison Magic   | |  0.8
Evocations     | |  2.7

Action                   |  1- 3 |  4- 6 || total
-------------------------+-------+-------++-------
Melee: Short sword       |    68 |    19 ||    87
       Bite              |     7 |     1 ||     8
Throw: Dart              |    10 |     7 ||    17
 Stab: Sleeping          |     7 |       ||     7
Armor: Robe              |     3 |       ||     3
       Ring mail         |    16 |     3 ||    19
Dodge: Dodged            |    32 |     7 ||    39

Table legend: (Time is in decaauts)
 A = Elapsed time spent in this place.
 B = Non-inter-level travel time spent in this place.
 C = Inter-level travel time spent in this place.
 D = Time resting spent in this place.
 E = Time spent auto-exploring this place.
 F = Levels seen in this place.
 G = Mean time per level.
                   A        B        C        D        E       F      G
               +--------+--------+--------+--------+--------+-----+--------+
         Total |   1293 |   1228 |     65 |      2 |    948 |   2 |  646.5 |
       Dungeon |   1293 |   1228 |     65 |      2 |    948 |   2 |  646.5 |
               +--------+--------+--------+--------+--------+-----+--------+

Top non-repeatable levels by time:
     D:1: 895 daAuts
     D:2: 397 daAuts
